Cogmind - Beta 15 @@@ ROGUE MODE // 2025.05.13 @ 13:55:32 Player: grayrest Result: Self-destructed Performance ------------- Evolutions (4) 2000 Regions Visited (5) 1000 Robots Destroyed (24) 120 Value Destroyed (654) 654 Prototype IDs (0) 0 Alien Tech Used (0) 0 Bonus (-183) -183 TOTAL SCORE: 3591 Bonus ------- Friendly Fire -183 Cogmind --------- Core Integrity 751/850 Matter 211/300 Energy 61/100 System Corruption 9% Temperature Hot (264) Movement Core (50) Location -6/Waste Parts ------- > --- POWER (1) -------- (None) > --- PROPULSION (4) --- (None) > --- UTILITY (8) ------ Improved Signal Interpreter Utility Shielding Hacking Suite > --- WEAPON (2) ------- (None) > --- INVENTORY (5) ---- Myomer Leg ECM Suite Medium Armor Plating Recalibrator Power Sword Peak State ------------ > --- POWER ------------ Light Nuclear Core > --- PROPULSION ------- Light Treads Spiked Treads Improved Medium Treads > --- UTILITY ---------- Cooling System High-capacity Storage Unit Improved Signal Interpreter Improved Terrain Scanner Seismic Detector Utility Shielding Medium Armor Plating Hacking Suite > --- WEAPON ----------- Plasma Cannon Plasma Cannon > --- INVENTORY -------- Myomer Leg Cesium-ion Thruster Nuclear Pulse Thruster Improved Heat Sink Improved Terrain Scanner ECM Suite Medium Armor Plating Hardlight Generator Recalibrator Barrage Gun CPS Tube Power Sword [Rating: 39] Favorites ----------- Power Light Angular Momentum Engine Engine Light Angular Momentum Engine Power Core Light Nuclear Core Propulsion Spiked Treads Treads Spiked Treads Flight Unit Cesium-ion Thruster Utility Medium Armor Plating Device Seismic Detector Storage High-capacity Storage Unit Processor Improved Signal Interpreter Hackware Hacking Suite Protection Medium Armor Plating Weapon Assault Rifle Energy Gun EM Pulse Gun Energy Cannon Plasma Cannon Ballistic Gun Assault Rifle Launcher Grenade Launcher Special Weapon CPS Tube Build | -11 -10 -10 -8 -6 -6 ------- Run | Yrd Mat Sub Scr Fac Was Slots Evolved 8 | . . . . 8 . Power . | . . . . . . Propulsion 2 | . . . . 2 . Utility 6 | . . . . 6 . Weapon . | . . . . . . Parts Attached 35 | 8 4 7 2 12 2 Power 4 | 1 1 1 . 1 . Engine 3 | 1 1 1 . . . Core 1 | . . . . 1 . Reactor . | . . . . . . Propulsion 8 | 2 . 2 . 2 2 Treads 6 | 2 . 2 . 2 . Leg . | . . . . . . Wheel . | . . . . . . Hover . | . . . . . . Flight 2 | . . . . . 2 Utility 13 | 2 1 2 1 7 . Device 4 | 2 . . . 2 . Storage 2 | . 1 . 1 . . Processor 2 | . . . . 2 . Hackware 1 | . . . . 1 . Protection 4 | . . 2 . 2 . Artifact . | . . . . . . Weapon 10 | 3 2 2 1 2 . Energy Gun 2 | 2 . . . . . Energy Cannon 2 | . . . . 2 . Ballistic Gun 4 | 1 2 1 . . . Ballistic Cannon . | . . . . . . Launcher 1 | . . 1 . . . Special Weapon 1 | . . . 1 . . Impact Weapon . | . . . . . . Slashing Weapon . | . . . . . . Piercing Weapon . | . . . . . . Special Melee Weapon . | . . . . . . Unidentified Prototypes . | . . . . . . Parts Lost 16 | . . 4 . 6 6 Power 2 | . . 1 . 1 . Propulsion 4 | . . . . 2 2 Utility 6 | . . 1 . 2 3 Weapon 4 | . . 2 . 1 1 Highest Loss Streak 6 | . . 4 . 5 6 To Critical Strikes . | . . . . . . Average Backups 14 | 1 6 14 18 11 13 Power . | . . . . . . Propulsion 2 | . . 1 3 3 3 Utility 9 | . 4 10 11 5 7 Weapon 2 | . 1 1 2 1 2 Tool/Special . | . . . . . . Unused Backups 11 | . . 1 2 . 8 Power . | . . . . . . Propulsion 1 | . . . . . 1 Utility 8 | . . . 2 . 6 Weapon 2 | . . 1 . . 1 Tool/Special . | . . . . . . Average Slot Usage (%) 80 | . 95 97 71 83 77 Engine 12 | . 13 14 14 . . Treads 26 | . 26 28 28 15 9 Device 5 | . 18 3 . 19 16 Storage 12 | . 7 14 14 6 6 Protection 11 | . . 10 14 12 11 Energy Cannon 1 | . . . . 10 13 Ballistic Gun 7 | . 24 24 . . . Peak Build Rating 39 | 9 9 19 18 39 38 Average Rating 16 | 5 8 12 16 32 34 On Entrance 15 | . 9 9 18 17 38 Naked Turns . | . . . . . . Heaviest Build 71 | 8 30 42 56 71 71 Greatest Support 70 | 40 40 40 40 70 50 Greatest Overweight (x) 1 | . . 1 1 1 1 Average Overweight (x) . | . . . . 1 1 Largest Inventory Capacity 20 | 5 15 15 20 20 20 Average Capacity 17 | 5 10 15 19 20 20 Most Carried 20 | 3 14 15 20 19 13 Average Carried 14 | 1 6 14 18 11 12 Final Capacity 20 | 5 15 15 20 20 5 Final Carried 20 | 3 14 14 20 13 5 Class Distribution -------------------- 88% | Mutant 11% | Scavenger-Mutant Dominant Class ---------------- Mutant | -10/Materials Mutant | -10/Subcaves Mutant | -8/Scraptown Scavenger-Mutant | -6/Factory Mutant | -6/Waste Resources | -11 -10 -10 -8 -6 -6 ----------- Run | Yrd Mat Sub Scr Fac Was Matter Collected 920 | 276 145 294 90 115 . Remotely . | . . . . . . Salvage Created 744 | 119 199 273 . 153 . Parts 52 | 12 13 20 . 7 . Haulers Intercepted 1 | . 1 . . . . Recyclers Shooed . | . . . . . . Parts Field Recycled . | . . . . . . Retrieved Matter . | . . . . . . Parts Self-Destructed 15 | . . 15 . . . Prevented . | . . . . . . Kills | -11 -10 -10 -8 -6 -6 ------- Run | Yrd Mat Sub Scr Fac Was Combat Hostiles Destroyed 16 | . 2 8 . 6 . Guns 7 | . 2 2 . 3 . Cannons 2 | . . . . 2 . AOE 7 | . . 6 . 1 . Classes Destroyed 10 | 2 3 3 . 2 . Tunneler 4 | 3 1 . . . . Hauler 1 | . 1 . . . . Recycler 1 | 1 . . . . . Operator 1 | . 1 . . . . Swarmer 5 | . . 1 . 4 . Grunt 2 | . 2 . . . . Hunter 1 | . . . . 1 . Programmer 1 | . . . . 1 . Artisan 1 | . . 1 . . . Subdweller 7 | . . 7 . . . Thug 1 | . . 1 . . . Best Kill Streak 5 | 4 2 5 . 4 . Combat Bots Only 5 | . 1 5 . 4 . Max Kills in Single Turn 4 | 1 1 4 . 1 . Gunslinging . | . . . . . . Exploded 4 | . . 4 . 1 . Melee . | . . . . . . Uniques/NPCs Destroyed . | . . . . . . Combat | -11 -10 -10 -8 -6 -6 -------- Run | Yrd Mat Sub Scr Fac Was Hostile Shots Fired 147 | . 14 61 . 68 4 Missed 45 | . 2 19 . 24 . Hits 102 | . 12 42 . 44 4 Melee 4 | . . . . . 4 Projectile 98 | . 12 42 . 44 . Critical Strikes 4 | . . 1 . 1 2 Actively Blocked 1 | . . . . . 1 Damage Taken 1810 | . 135 821 . 700 154 Core 280 | . 22 159 . 49 50 Absorbed by Shields . | . . . . . . Redirected to Shielding 49 | . . . . 21 28 Core Remaining (%) 63 | 100 . . 27 . . Volleys Fired 86 | 9 24 29 . 20 4 Largest 2 | 2 2 2 . 2 2 Hottest 160 | 90 70 48 . 160 160 Shots Fired 146 | 18 48 46 . 26 8 Gun 116 | 18 48 39 . 11 . Cannon 20 | . . . . 12 8 Launcher 10 | . . 7 . 3 . Special . | . . . . . . Kinetic 91 | 5 36 39 . 11 . Thermal 30 | 4 6 . . 12 8 Explosive 10 | . . 7 . 3 . Electromagnetic 15 | 9 6 . . . . Robot Hit Streak 12 | 2 10 9 . 4 12 Robot Miss Streak 5 | 4 4 4 . 5 . Penetration Max . | . . . . . . Secondary Targets . | . . . . . . Shots Hit Robots 80 | 7 24 29 . 12 8 Core Hits 50 | 5 8 26 . 9 2 Critical Kills . | . . . . . . Critical Parts Destroyed . | . . . . . . Critical Strikes . | . . . . . . Melee Attacks . | . . . . . . Impact . | . . . . . . Slashing . | . . . . . . Piercing . | . . . . . . Sneak Attacks . | . . . . . . Combat Hostiles . | . . . . . . Follow-up Attacks . | . . . . . . Damage Inflicted 2484 | 93 310 1396 . 483 202 Guns 792 | 93 310 308 . 81 . Cannons 400 | . . . . 198 202 Explosions 1292 | . . 1088 . 204 . Melee . | . . . . . . Ramming . | . . . . . . Kinetic 645 | 28 228 308 . 81 . Thermal 437 | 12 25 . . 198 202 Explosive 1292 | . . 1088 . 204 . Electromagnetic 110 | 53 57 . . . . Impact . | . . . . . . Slashing . | . . . . . . Piercing . | . . . . . . Highest Corruption 9 | . . . . . 9 Average Corruption 9 | . . . . . 9 Corruption Purged . | . . . . . . Corruption Blocked . | . . . . . . Effects 1 | . . . . . 1 Heat Flow Errors 1 | . . . . . 1 Overload Shots . | . . . . . . Overflow Damage 3 | . . . . 3 . Projectiles . | . . . . . . Explosions 3 | . . . . 3 . Melee . | . . . . . . Knockbacks . | . . . . . . Impact . | . . . . . . Kinetic . | . . . . . . Secondary . | . . . . . . Self-Inflicted Damage 101 | . . 63 . 38 . Shots 5 | . . 4 . 1 . Rammed . | . . . . . . Targets Rammed . | . . . . . . Kicked . | . . . . . . Crushed . | . . . . . . Highest Temperature 334 | 120 50 250 . 234 334 Average Temperature 79 | 44 22 139 . 100 215 Received Heat Transfer 574 | . 72 502 . . . Effects 1 | . . . . . 1 Energy Bleed 1 | . . . . . 1 Siege Activations . | . . . . . . Martial Activations . | . . . . . . Shielding Activations . | . . . . . . Robots Disrupted . | . . . . . . Combat Hostiles . | . . . . . . Robots Corrupted . | . . . . . . Combat Hostiles . | . . . . . . Parts Fried 1 | . 1 . . . . Impact Corruptions . | . . . . . . Robots Melted . | . . . . . . Combat Hostiles . | . . . . . . Parts Melted 6 | . . 3 . 3 . Heat Transferred 861 | 37 74 . . 350 400 Parts Sabotaged . | . . . . . . Parts Stolen . | . . . . . . Parts Stripped . | . . . . . . Power Chain Reactions . | . . . . . . Alert | -11 -10 -10 -8 -6 -6 ------- Run | Yrd Mat Sub Scr Fac Was Maximum Alert Level . | . . . . . . Low Security (%) 100 | 100 100 . . 100 100 Level 1 . | . . . . . . Level 2 . | . . . . . . Level 3 . | . . . . . . Level 4 . | . . . . . . Level 5 . | . . . . . . High Security . | . . . . . . Max Security . | . . . . . . Peak Influence 60 | 10 30 . . 60 7 Initial 7 | . . . . . 7 Average 6 | 1 4 . . 10 4 Influence Increases 338 | 20 92 50 . 176 . Destroy 0b10 Robot/C 180 | . 40 20 . 120 . Destroy 0b10 Robot/NC 35 | 20 15 . . . . Destroy Leader 52 | . 22 . . 30 . Successful Hack 16 | . . . . 16 . Disable Machine 15 | . 15 . . . . Destroy Structure 10 | . . . . 10 . Lose Combat Pursuer 30 | . . 30 . . . Influence Decreases 338 | 20 92 24 26 154 22 Entered New Map 41 | . . . 26 . 15 Time Decay 257 | 20 92 24 . 114 7 Lost Part 40 | . . . . 40 . Squads Dispatched 3 | . 2 . . 1 . Investigation 2 | . 2 . . . . Extermination 1 | . . . . 1 . Reinforcement . | . . . . . . Assault . | . . . . . . Garrison . | . . . . . . Intercept . | . . . . . . Searches Triggered . | . . . . . . Construction Impeded . | . . . . . . Haulers Reinforced . | . . . . . . Active Scanning Responses . | . . . . . . Cargo Convoy Interrupts . | . . . . . . Stealth | -11 -10 -10 -8 -6 -6 --------- Run | Yrd Mat Sub Scr Fac Was Distress Signals . | . . . . . . Communications Jammed . | . . . . . . Distress Signals . | . . . . . . Times Spotted 42 | . 12 22 . 7 1 Peak Tracking Total 7 | . 3 7 . 4 1 Tactical Retreats 1 | . . 1 . . . Traps | -11 -10 -10 -8 -6 -6 ------- Run | Yrd Mat Sub Scr Fac Was Traps Triggered 5 | . 4 . . 1 . Indirectly . | . . . . . . Trap Hack Attempts . | . . . . . . Triggered . | . . . . . . Disarmed . | . . . . . . Reprogrammed . | . . . . . . Reused . | . . . . . . Traps Extracted . | . . . . . . Installed . | . . . . . . Triggered . | . . . . . . Machines | -11 -10 -10 -8 -6 -6 ---------- Run | Yrd Mat Sub Scr Fac Was Machines Disabled 4 | . 1 3 . . . Max in Single Turn 3 | . 1 3 . . . Machines Repaired . | . . . . . . Machines Dismantled . | . . . . . . Machines Sabotaged . | . . . . . . Overloaded Fab Kills . | . . . . . . Hacking | -11 -10 -10 -8 -6 -6 --------- Run | Yrd Mat Sub Scr Fac Was Machines Accessed 7 | . 3 . 3 1 . Terminals 3 | . 2 . . 1 . Fabricators . | . . . . . . Repair Stations . | . . . . . . Recycling Units 1 | . 1 . . . . Scanalyzers . | . . . . . . Garrison Access . | . . . . . . Total Hacks 30 | . 6 . 21 3 . Successful 25 | . 3 . 21 1 . Failed 5 | . 3 . . 2 . Catastrophic 1 | . . . . 1 . Database Lockouts . | . . . . . . Manual 2 | . 2 . . . . Terminals 8 | . 5 . . 3 . Fabricators . | . . . . . . Repair Stations . | . . . . . . Recycling Units 1 | . 1 . . . . Scanalyzers . | . . . . . . Garrison Access . | . . . . . . Terminal Hacks 24 | . 2 . 21 1 . Record 21 | . . . 21 . . Level Access Points 1 | . . . . 1 . Terminal Index 1 | . 1 . . . . Hauler Manifests 1 | . 1 . . . . Fabricator Hacks . | . . . . . . Repair Station Hacks . | . . . . . . Recycling Unit Hacks 1 | . 1 . . . . Report Inventory 1 | . 1 . . . . Scanalyzer . | . . . . . . Garrison Access Hacks . | . . . . . . Unauthorized Hacks . | . . . . . . Terminals . | . . . . . . Fabricators . | . . . . . . Repair Stations . | . . . . . . Recycling Units . | . . . . . . Scanalyzers . | . . . . . . Garrison Access . | . . . . . . Data Cores Recovered . | . . . . . . Used . | . . . . . . Hacking Detections 3 | . 2 . . 1 . Full Trace Events 1 | . 1 . . . . Feedback Events . | . . . . . . Feedback Blocked . | . . . . . . Robot Schematics Acquired . | . . . . . . Robots Built . | . . . . . . Authchips . | . . . . . . Time . | . . . . . . Total Robot Build Rating . | . . . . . . Part Schematics Acquired . | . . . . . . Parts Built . | . . . . . . Authchips . | . . . . . . Time . | . . . . . . Total Part Build Rating . | . . . . . . Parts Repaired . | . . . . . . Time . | . . . . . . Parts Recycled . | . . . . . . Recycled Matter . | . . . . . . Retrieved Matter . | . . . . . . Retrieved Components . | . . . . . . Parts Scanalyzed . | . . . . . . Part Schematics Acquired . | . . . . . . Parts Damaged . | . . . . . . Bothacking | -11 -10 -10 -8 -6 -6 ------------ Run | Yrd Mat Sub Scr Fac Was Used RIF Installer . | . . . . . . Robots Hacked . | . . . . . . Non-combat . | . . . . . . Combat . | . . . . . . Robot Hacks Applied . | . . . . . . Relay Couplers Released . | . . . . . . Fabnet Peak Effective % . | . . . . . . Robots Rewired . | . . . . . . Allies Hacked . | . . . . . . Hacks Repelled . | . . . . . . Allies | -11 -10 -10 -8 -6 -6 -------- Run | Yrd Mat Sub Scr Fac Was Total Allies . | . . . . . . Largest Group . | . . . . . . Highest-Rated Group . | . . . . . . Highest-Rated Ally . | . . . . . . Total Orders . | . . . . . . Ally Attacks . | . . . . . . Total Damage . | . . . . . . Kills . | . . . . . . Allies Corrupted . | . . . . . . Allies Melted 1 | . . 1 . . . Intel | -11 -10 -10 -8 -6 -6 ------- Run | Yrd Mat Sub Scr Fac Was Active Infowar (turns) 919 | 50 480 157 . 203 29 Terrain 412 | 50 139 . . 200 23 Seismic 888 | 19 480 157 . 203 29 Robot Analysis Total . | . . . . . . Derelict Logs Recovered 1 | . . 1 . . . Drone Launches . | . . . . . . Drone Recoveries . | . . . . . . Exploration | -11 -10 -10 -8 -6 -6 ------------- Run | Yrd Mat Sub Scr Fac Was Turns Passed 4284 | 113 480 717 2388 554 32 Spaces Moved 1802 | 46 233 381 940 195 7 Core 2 | 2 . . . . . Treads 1800 | 44 233 381 940 195 7 Legs . | . . . . . . Wheels . | . . . . . . Hover . | . . . . . . Flight . | . . . . . . Fastest Speed 50 | 50 160 160 160 246 250 Average Speed 218 | 155 160 161 253 248 250 Slowest Speed 260 | 160 160 260 260 253 250 Overloaded Moves . | . . . . . . Propulsion Burnouts . | . . . . . . Robots Hopped . | . . . . . . Potential Cave-ins . | . . . . . . Cave-ins Triggered . | . . . . . . Exploration Rate (%) 26 | 4 42 35 57 6 13 Regions Visited 5 Branch Regions 2 Pre-discovered Areas 2 | . . 2 . . . Known Exits Taken . | . . . . . . Unknown Exits Taken 4 | 1 1 1 1 . . Scrap Searched 13 | . . 8 5 . . Spaces Dug . | . . . . . . Terrain Destroyed 33 | . . 23 . 10 . Melee . | . . . . . . Projectile . | . . . . . . AOE 33 | . . 23 . 10 . Terrain Rammed . | . . . . . . Walls Destroyed . | . . . . . . Machines Disabled . | . . . . . . Actions | -11 -10 -10 -8 -6 -6 --------- Run | Yrd Mat Sub Scr Fac Was Total 1998 | 66 291 437 952 239 13 Wait 20 | . 8 7 . 5 . Move 1798 | 45 232 380 939 195 7 Hop . | . . . . . . Pick Up 27 | 3 11 4 6 3 . Fast Attach 22 | 7 9 1 1 4 . Attach 17 | . . 4 . 11 2 Detach 6 | . 1 2 2 1 . Swap 12 | 2 3 6 1 . . Drop 10 | . 3 4 3 . . Fire 86 | 9 24 29 . 20 4 Melee . | . . . . . . Ram . | . . . . . . Kick . | . . . . . . Crush . | . . . . . . Escape Stasis . | . . . . . . Rewire . | . . . . . . Trap . | . . . . . . Miscellaneous . | . . . . . . Route ------- -11/Scrapyard -10/Materials (discovered 2 exits: [*Mat] / [*Sub]) -10/Subcaves (discovered 3 exits: [*Mat] / [*Rec] / *Scr) -8/Scraptown -6/Factory (discovered 4 exits: Fac x4) -6/Waste History --------- Turn | Location | Event 2 | -11/Scrapyard | Met Revision 17 13 | -11/Scrapyard | Discovered new exit (range 15) 114 | -11/Scrapyard | Entered Materials 247 | -10/Materials | Discovered new exit (range 5) 361 | -10/Materials | Build established: Mutant 487 | -10/Materials | Discovered new exit (range 9) 594 | -10/Materials | Entered Subcaves 595 | -10/Subcaves | Approached by a straggling Scientist 649 | -10/Subcaves | Discovered new exit (range 12) 652 | -10/Subcaves | Learned location of Zion (-6) 652 | -10/Subcaves | Met a Zionite searching for "candidates" 747 | -10/Subcaves | Ambushed by swarm of Subdwellers 750 | -10/Subcaves | Ambushed by Subdwellers from Twisted Machinery 783 | -10/Subcaves | Ambushed by angry Subdweller bent on revenge 784 | -10/Subcaves | Core integrity fell below 50% 992 | -10/Subcaves | Learned location of Recycling (-8) 1196 | -10/Subcaves | Lost 4 parts (1p1u2w) 1245 | -10/Subcaves | Discovered new exit (range 13) 1296 | -10/Subcaves | Scientist uncovered a shortcut to Scraptown 1311 | -10/Subcaves | Entered Scraptown 1729 | -8/Scraptown | Visited UFD Registry 1765 | -8/Scraptown | Visited Cave Peace 1880 | -8/Scraptown | Visited Symbiants 2028 | -8/Scraptown | Visited IN-MT5's Study 2972 | -8/Scraptown | Discovered new exit (range 9) 3301 | -8/Scraptown | Visited Fellowship of the Rings 3421 | -8/Scraptown | Visited Shadow of the Wyrm 3483 | -8/Scraptown | Visited TADAMA 3699 | -8/Scraptown | Entered Factory 3699 | -6/Factory | Evolved 8 slots: Propulsion x2, Utility x6 3791 | -6/Factory | Lost 5 parts (1p1n2u1w) 3933 | -6/Factory | Identified exit to Factory 4001 | -6/Factory | Build established: Scavenger-Mutant 4253 | -6/Factory | Sucked down chute 4253 | -6/Factory | Entered Waste 4268 | -6/Waste | EMP discharged 4268 | -6/Waste | Spotted C-40 Crusher 4276 | -6/Waste | Crushed by Compactor (1 part destroyed, 1 dropped) 4279 | -6/Waste | Crushed by Compactor (1 part destroyed, 1 dropped) 4282 | -6/Waste | Crushed by Compactor (1 part destroyed, 2 dropped) 4285 | -6/Waste | Crushed by Compactor (1 part destroyed, 2 dropped) 4285 | -6/Waste | Self-destructed Last Messages --------------- air into the floor. LOCATION=UNKNOWN GOAL=ESCAPE 04258_ ALERT: Foreign system detected. Charging EMP. 04268_ System corrupted (+9). 04274_ System corrupted: Heat flow error (+217). 04276_ Imp. Terrain Scanner crushed. 04276_ Spk. Treads crushed. 04279_ Imp. Medium Treads crushed. 04279_ Med. Armor Plating crushed. 04279_ Cooling System destroyed. 04281_ Overheating: Energy bleed (-14). 04282_ Plasma Cannon crushed. 04282_ Lgt. Nuclear Core crushed. 04282_ Plasma Cannon crushed. 04282_ Seismic Detector destroyed. 04285_ Cesium-ion Thruster crushed. 04285_ Hcp. Storage Unit crushed. 04285_ Nuclear Pulse Thruster crushed. Map ----- +----------------------------------------------------+ | ?????????????????????????????????????????????????? | | ?????????????????????????????????????????????????? | | ?????????????????????????????????????????????????? | | ?????????????????????????????????????????????????? | | ?????????????????????????????????????????????????? | | ?????????????????????????????????????????????????? | | ?????????????????????????????????????????????????? | | ?????????????????????????????????????????????????? | | ?????????????????????????????????????????????????? | | ?????????????????????????????????????????????????? | | ?????????????????????????????????????????????????? | | ????????????????????????????????#????????????????? | | ???????????????????#?????#???????????????????????? | | ??????????????????#???????????? ?????????????????? | | ???????????????#?????????????????????????????????? | | ????????????????????????????????????#????????????? | | ?????????????????????????????????????????????????? | | ?????????????????????????????????????????????????? | | ?????????????????????????????????????????????????? | | ??????????????????????????????????#??????????????? | | ?????????????############???????#????????????????? | | ?????????#???# #????? #????????????????? | | ?????????????# #???? #????????????????? | | ?????????????# #### ######???????????? | | ?????????????# |*!! ????????? | | ?????????????# !@CC ????????? | | ?????????????# !]CC ????????? | | ?????????????# ! = ????????? | | ?????????????# #### ########?????????? | | ?????????????# #??# #????????????????? | | ?????????????# #???? #????????????????? | | ?????????????############????? #????????????????? | | ?????????#????????????????????? #???#????????????? | | ?????????????#?????????????????? ????????????????? | | ??????????????????????????????? ? ??????????????? | | ???????????????????#??#??????? ? ??????????????? | | ?????????????????????????????????? ?????????????? | | ?????????????????????????????????????????????????? | | ????????????????????#????????????????????????????? | | ????????????????????#????????????????????????????? | | ?????????????????????????????????????????????????? | | ?????????????????????????????????????????????????? | | ?????????????????????????????????????????????????? | | ?????????????????????????????????????????????????? | | ?????????????????????????????????????????????????? | | ?????????????????????????????????????????????????? | | ?????????????????????????????????????????????????? | | ?????????????????????????????????????????????????? | | ?????????????????????????????????????????????????? | | ?????????????????????????????????????????????????? | +----------------------------------------------------+ Best States ------------- Heat Dissipation 59 Energy Generation 18 Energy Capacity 250 Matter Stores 300 Matter Capacity 300 Sight Range 16 Terrain Scan Range 16 Terrain Scan Density 10 Armor Coverage 225 Utility Shielding 33 Evasion (%) 40 Melee Accuracy 5 Recoil Reduction 3 Offensive Hacking 10 Item Schematics ----------------- None Robot Schematics ------------------ None Fabricated ------------ Nothing Repaired ---------- Nothing Alien Tech Used ----------------- None Achievements -------------- None Challenges ------------ None Game ------ Seed ThrusterChipWell Manual? 0 Play Time 00:34:24 Cumulative 54.4 hours Start 2025.05.13 @ 13:19:11 End 2025.05.13 @ 13:55:32 Sessions 3 Manual Loads 0 Difficulty Rogue Special Mode None Game No. 61 Rogue 61 Adventurer 0 Explorer 0 Win Type - Total 1 Types 1/0/0/0/0/0/0/0/0/0 Lore% 21 Gallery% 29 Achievement% 23 Wizard Run 0 Options --------- Layout 1 ASCII 0 Keyboard 0 Movement Mouse Keybinds 0 Fullscreen 2 Font 32/SmallcapsGlow Map View 50x35 Zoom Use 0% Tactical HUD 1 Map Filters NONE Filters NONE Steam 1 RUN: ab829e8a-a9d0-43c1-87ba-66a826cc475b